 Dungeon Crawl Stone Soup version 0.26-a0-712-ga5a9c9c9d0 (webtiles) character file.

Game seed: 16683405396938865280

100909 kae the Brawler (level 15, -2/167 HPs)
             Began as a Troll Transmuter on Nov 11, 2020.
             Was a Believer of Ru.
             Killed by divine providence
             ... invoked by a meliai
              (12 damage)
             ... on level 15 of the Dungeon.
             The game lasted 00:26:52 (26190 turns).

kae the Brawler (Troll Transmuter)                 Turns: 26190, Time: 00:26:53

Health: -2/167     AC: 13    Str: 30    XL:     15   Next: 81%
Magic:  0/20       EV: 17    Int:  7    God:    Ru [**....]
Gold:   4824       SH:  4    Dex: 10    Spells: 16/22 levels left

rFire    . . .     SeeInvis .     - Unarmed
rCold    . . .     Faith    .   (no shield)
rNeg     . . .     Spirit   +   a - +1 robe
rPois    .         Reflect  .   (helmet restricted)
rElec    .         Harm     .   (no cloak)
rCorr    .         Rampage  .   (gloves unavailable)
MR       +....     Clarity  +   (boots unavailable)
Stlth    ..........             O - amulet of the Dropbear {Spirit Str+3}
HPRegen  0.77/turn              J - +4 ring of protection
MPRegen  0.17/turn              l - +4 ring of evasion

@: no status effects
A: large, unfitting armour, antennae 1, claws 3, talons 1, icy blue scales 1,
large bone plates 1, clarity, dopey 1, regeneration 1, robust 1, shaggy fur 1,
tough skin 3, no stealth, no conjurations magic, no hexes magic, no ice magic
a: Sacrifice Durability, Sacrifice Health, Sacrifice Nimbleness, Reject
Sacrifices, Renounce Religion


You were on level 15 of the Dungeon.
You worshipped Ru.
Ru was pleased with you.
You visited 4 branches of the dungeon, and saw 24 of its levels.
You also visited: Bailey and Gauntlet.

You collected 4824 gold pieces.

Inventory:

Armour
 a - a +1 robe (worn)
 m - the +0 pair of boots of Narcissism {Harm Stlth+}
   (You found it on level 5 of the Dungeon)

   It increases damage dealt and taken.
   It makes you more stealthy.
Jewellery
 c - an uncursed ring of resist corrosion
 j - a +6 ring of strength
 l - a +4 ring of evasion (right claw)
 r - an uncursed ring of fire
 z - an uncursed ring of poison resistance
 B - an uncursed ring of ice
 J - a +4 ring of protection (left claw)
 L - an uncursed amulet of the acrobat
 M - a +6 ring of intelligence
 O - the amulet of the Dropbear (around neck) {Spirit Str+3}
   (You acquired it on level 13 of the Dungeon)

   [amulet of guardian spirit]

   It causes incoming damage to be split between your health and magic.
   It affects your strength (+3).
 P - the ring "Vaewasm" {rElec rF++ MR- Str+3 SInv}
   (You took it off a minotaur in a Gauntlet)

   [ring of see invisible]

   It affects your strength (+3).
   It greatly protects you from fire.
   It insulates you from electricity.
   It affects your resistance to hostile enchantments.
   It lets you see invisible.
Wands
 e - a wand of paralysis (14)
 v - a wand of random effects (32)
 x - a wand of iceblast (16)
 y - a wand of polymorph (23)
 A - a wand of acid (11)
 F - a wand of flame (11)
 H - a wand of digging (4)
 K - a wand of enslavement (9)
 N - a wand of disintegration (12)
Scrolls
 g - 13 scrolls of remove curse
 h - 8 scrolls of identify
 i - 2 scrolls of magic mapping
 s - 7 scrolls of teleportation
 u - 2 scrolls of fear
 w - 4 scrolls of fog
 D - 6 scrolls of amnesia
 G - a scroll of enchant weapon
Potions
 b - 5 potions of curing
 d - 3 potions of flight
 k - a potion of brilliance
 n - 6 potions of magic
 o - 3 potions of mutation
 p - 4 potions of might
 q - 2 potions of berserk rage
 t - 4 potions of degeneration
 C - 2 potions of haste
 E - 8 potions of stabbing
 I - 3 potions of resistance
 Q - 3 potions of ambrosia


   Skills:
 + Level 10.5 Fighting
 - Level 9.0 Dodging
 - Level 17.0 Unarmed Combat
 - Level 4.0 Spellcasting
 - Level 12.0 Transmutations


You had 16 spell levels left.
You knew the following spells:

 Your Spells              Type           Power        Failure   Level
a - Beastly Appendage     Tmut           ###...       1%          1
b - Blade Hands           Tmut           ###.......   6%          5

Your spell library contained the following spells:

 Spells                   Type           Power        Failure   Level
 Wereblood                Tmut           ###.....     1%          2
 Spider Form              Tmut/Pois      #.........   8%          3
 Ignite Poison            Fire/Tmut/Pois #.......     19%         3
 Petrify                  Tmut/Erth      #.......     26%         4
 Summon Small Mammal      Summ           #...         30%         1
 Blink                    Tloc           N/A          43%         2
 Call Imp                 Summ           #.......     43%         2
 Sublimation of Blood     Necr           #.........   43%         2
 Swiftness                Air            #.......     43%         2
 Alistair's Intoxication  Tmut/Pois      #........    58%         5
 Call Canine Familiar     Summ           #.......     67%         3
 Airstrike                Air            #.........   97%         4
 Summon Lightning Spire   Summ/Air       #.......     97%         4
 Eringya's Noxious Bog    Tmut/Pois      #.........   99%         6
 Ice Form                 Ice/Tmut       Unusable     N/A         4
 Magic Dart               Conj           Unusable     N/A         1
 Shock                    Conj/Air       Unusable     N/A         1
 Slow                     Hex            Unusable     N/A         2
 Irradiate                Conj/Tmut      Unusable     N/A         5
 Conjure Flame            Conj/Fire      Unusable     N/A         3
 Mephitic Cloud           Conj/Pois/Air  Unusable     N/A         3
 Static Discharge         Conj/Air       Unusable     N/A         3
 Summon Guardian Golem    Hex/Summ       Unusable     N/A         3
 Summon Ice Beast         Ice/Summ       Unusable     N/A         4
 Bolt of Magma            Conj/Fire/Erth Unusable     N/A         5
 Iskenderun's Battlesphe  Conj           Unusable     N/A         5
 Lightning Bolt           Conj/Air       Unusable     N/A         5
 Iron Shot                Conj/Erth      Unusable     N/A         6
 Orb of Destruction       Conj           Unusable     N/A         7
 Spellforged Servitor     Conj/Summ      Unusable     N/A         7

Dungeon Overview and Level Annotations

Branches:
Dungeon (15/15)            Temple (1/1) D:7            Lair (6/6) D:10
  Swamp (0/4) Lair:3       Spider (0/4) Lair:4          Orc (2/2) D:11
    Elf (0/3) Orc:2        Vaults (0/5) D:14         Bailey (visited)
Gauntlet (visited)
  Slime: Lair:5-6    Depths: D:15

Altars:
Ashenzari
Cheibriados
Dithmenos
Elyvilon
Fedhas
Gozag
Hepliaklqana
Kikubaaqudgha
Makhleb
Nemelex Xobeh
Okawaru
Qazlal
Ru
Sif Muna
Trog
Uskayaw
Vehumet
Wu Jian
Xom
Yredelemnul
Zin
The Shining One

Shops:
D:7 *   Orc:2 ([}*

Portals:
Hell: Lair:6
Abyss: Orc:1

Annotations:
D:3 2 runed translucent doors, Bliebski's ghost, amateur OpTm
Lair:4 exclusion: 2 oklob plants
Lair:6 exclusion: 3 oklob plants
Orc:1 2 transporters, Liemp's ghost, journeyman MiFi


Innate Abilities, Weirdness & Mutations

You are too large for most types of armour.
You have claws for hands.
You are dopey. (Int -2)
Your natural rate of healing is unusually fast.
You are covered in fur. (AC +1)
You have extremely tough skin. (AC +3)
You cannot be stealthy.
You cannot study or cast Conjurations magic.
You cannot study or cast Hexes magic.
You cannot study or cast Ice magic.
You have a pair of small antennae on your head.
You have sharp toenails.
You are partially covered in icy blue scales. (AC +2)
You are partially covered in large bone plates. (SH +4)
You possess an exceptional clarity of mind.
You are robust. (+10% HP)


Message History

You hear a grinding noise.
The vampire mosquito misses you.
The vampire mosquito closely misses you.
The centaur warrior is stunned by your will and fails to attack.
The meliai is no longer blind.
The centaur warrior wields a +0 shortbow.
The centaur warrior shoots an arrow.
The arrow hits you!!
* * * LOW HITPOINT WARNING * * *
The vampire mosquito completely misses you.
You see here an arrow.
You feel better. The vampire mosquito bites you.
* * * LOW HITPOINT WARNING * * *
The vampire mosquito draws strength from your injuries!
The vampire mosquito barely misses you. The vampire mosquito bites you.
* * * LOW HITPOINT WARNING * * *
The vampire mosquito draws strength from your injuries!
The vampire mosquito misses you.
The meliai invokes the aid of its god against you.
Something smites you!
You die...

# #.## ##
#.#...######
...#......#
#...####<#
##.####.##....#
...........#..#
...##..##..y@#
#..###H#y###.#
#.....#.cy...#
#.####.#O#####
#.# #..O..#
#.####.....#
#.......T..#
#.####.....#
...# #.....#


You could see a centaur warrior, 2 ogre magi, a deep troll, a harpy, 2 vampire
mosquitoes and a meliai.

Vanquished Creatures
  An orc warlord (Orc:2)
  A minotaur (Gauntlet)
  A fire dragon (Lair:1)
  Erolcha (Orc:1)
  A yaktaur captain (D:14)
  Harold (Orc:1)
  Fannar (Lair:1)
  4 hydras
  A centaur warrior (D:14)
  13 death yaks
  4 ogre magi (Orc:2)
  19 two-headed ogres
  A shock serpent (shapeshifter) (D:14)
  Urug (Orc:1)
  A sixfirhy (Lair:6)
  5 unseen horrors
  4 skeletal warriors (D:13)
  Pikel (D:7)
  2 wizards
  An orc knight (Orc:1)
  A wolf spider zombie (D:14)
  An oklob plant (Gauntlet)
  2 orc sorcerers (Orc:1)
  3 centaur zombies
  5 cyclopes
  4 ugly things
  17 elephants
  A smoke demon (Lair:6)
  2 torpor snails
  3 black mambas
  14 cane toads
  2 yaktaurs (D:14)
  A gargoyle (D:13)
  2 orange demons (Lair:6)
  7 rime drakes
  An ice devil (Lair:6)
  15 komodo dragons
  2 red devils (Lair:6)
  A queen bee (D:13)
  5 polar bears
  5 meliai
  A jumping spider (Lair:4)
  3 tyrant leeches
  7 trolls
  Grinder (D:3)
  12 slime creatures
  4 dream sheep (Lair:6)
  2 wraiths
  2 vampires
  45 yaks
  A shadow (D:11)
  A water elemental (D:14)
  2 wyverns
  5 basilisks
  4 vampire mosquitoes (D:13)
  A soldier ant (D:11)
  8 wargs
  18 water moccasins
  2 acid dragons (Gauntlet)
  5 swamp worms
  5 hell hounds (Lair:6)
  2 ice beasts
  An eye of draining (D:11)
  7 sky beasts
  7 black bears
  An eye of draining (shapeshifter) (D:13)
  27 orc warriors
  33 ogres
  A phantom (D:5)
  7 wolves
  5 centaurs
  3 big kobolds
  A wyvern zombie (D:11)
  20 bullfrogs
  A gnoll sergeant (D:10)
  5 scorpions
  A water moccasin skeleton (D:10)
  24 killer bees
  19 wights
  4 electric eels
  2 bullfrog zombies
  A quasit (D:6)
  5 hounds
  6 jellies
  23 orc wizards
  A gnoll shaman (D:9)
  18 orc priests
  6 centaur skeletons
  4 bullfrog skeletons
  3 iguanas
  8 worker ants
  2 hound skeletons
  A worker ant zombie (D:8)
  Robin (D:3)
  10 gnolls
  A howler monkey skeleton (D:7)
  13 adders
  2 shadow imps
  4 white imps
  An ufetubus (D:9)
  An ooze (D:2)
  An adder zombie (D:5)
  An adder skeleton (D:5)
  3 worms
  4 dart slugs
  7 leopard geckos
  92 orcs
  7 ball pythons
  11 bats
  6 giant cockroaches
  15 goblins
  10 hobgoblins
  10 jackals
  26 kobolds
  5 quokkas
  6 frilled lizards
  5 rats
778 creatures vanquished.

Vanquished Creatures (others)
  A meliai (D:14)
  An orc (D:12)
  32 fungi
  35 plants
69 creatures vanquished.

Grand Total: 847 creatures vanquished

Notes
Turn   | Place    | Note
-------+----------+-------------------------------------------
     0 | D:1      | kae the Troll Transmuter began the quest for the Orb.
     0 | D:1      | Reached XP level 1. HP: 18/18 MP: 1/1
   299 | D:1      | Reached XP level 2. HP: 26/26 MP: 3/3
   953 | D:2      | Found a stormy altar of Qazlal.
   992 | D:2      | Reached XP level 3. HP: 28/32 MP: 2/4
  1294 | D:2      | Reached XP level 4. HP: 36/40 MP: 5/5
  1424 | D:2      | Reached skill level 4 in Unarmed Combat
  1885 | D:3      | Reached XP level 5. HP: 46/46 MP: 5/7
  1989 | D:3      | Noticed an ogre
  2025 | D:3      | Killed an ogre
  2025 | D:3      | Reached skill level 5 in Unarmed Combat
  2080 | D:3      | Noticed Grinder
  2091 | D:3      | Gained mutation: You occasionally shout uncontrollably at
                  | your foes. [potion of mutation]
  2091 | D:3      | Gained mutation: Your body sometimes deteriorates upon
                  | taking damage. [potion of mutation]
  2091 | D:3      | Gained mutation: Your mind is acute. (Int +2) [potion of
                  | mutation]
  2091 | D:3      | Gained mutation: Your muscles are strong. (Str +2) [potion
                  | of mutation]
  2092 | D:3      | Lost mutation: Your mind is acute. (Int +2) [potion of
                  | mutation]
  2092 | D:3      | Lost mutation: Your muscles are strong. (Str +2) [potion of
                  | mutation]
  2092 | D:3      | Lost mutation: Your body sometimes deteriorates upon taking
                  | damage. [potion of mutation]
  2092 | D:3      | Gained mutation: You have claws for feet. [potion of
                  | mutation]
  2092 | D:3      | Gained mutation: Your system is resistant to poisons.
                  | (rPois) [potion of mutation]
  2129 | D:3      | Reached XP level 6. HP: 52/54 MP: 6/8
  2151 | D:3      | HP: 1/54 [Grinder (5)]
  2153 | D:3      | Killed Grinder
  2153 | D:3      | Reached skill level 6 in Unarmed Combat
  2153 | D:3      | Reached XP level 7. HP: 2/61 MP: 9/9
  2644 | D:3      | Found a large runed translucent door.
  2644 | D:3      | Found a large runed translucent door.
  2644 | D:3      | Noticed Bliebski's ghost (amateur OpTm)
  2787 | D:3      | Noticed Robin
  2797 | D:3      | Killed Robin
  3328 | D:4      | Reached skill level 7 in Unarmed Combat
  3468 | D:4      | Found a hazy altar of Hepliaklqana.
  3470 | D:4      | Found an ancient bone altar of Kikubaaqudgha.
  3473 | D:4      | Found a sparkling altar of Nemelex Xobeh.
  3481 | D:4      | Found a hide-covered altar of Uskayaw.
  3656 | D:4      | Reached XP level 8. HP: 60/68 MP: 10/10
  4077 | D:4      | Reached skill level 8 in Unarmed Combat
  4169 | D:4      | Lost mutation: You occasionally shout uncontrollably at
                  | your foes. [potion of mutation]
  4169 | D:4      | Lost mutation: Your system is resistant to poisons. (rPois)
                  | [potion of mutation]
  4169 | D:4      | Gained mutation: You are partially covered in icy blue
                  | scales. (AC +2) [potion of mutation]
  4169 | D:4      | Gained mutation: You are occasionally teleported next to
                  | monsters. [potion of mutation]
  4169 | D:4      | Gained mutation: You possess an exceptional clarity of
                  | mind. [potion of mutation]
  4276 | D:5      | Entered Level 5 of the Dungeon
  4276 | D:5      | Found a snail-covered altar of Cheibriados.
  4301 | D:5      | Found a glowing silver altar of Zin.
  4397 | D:5      | Got a pair of fine boots
  4461 | D:5      | Lost mutation: You are occasionally teleported next to
                  | monsters. [potion of mutation]
  4461 | D:5      | Gained mutation: You are robust. (+10% HP) [potion of
                  | mutation]
  4461 | D:5      | Gained mutation: You are partially covered in large bone
                  | plates. (SH +4) [potion of mutation]
  4461 | D:5      | Gained mutation: You have a pair of small antennae on your
                  | head. [potion of mutation]
  4671 | D:5      | Found a shadowy altar of Dithmenos.
  4671 | D:5      | Found a broken altar of Ashenzari.
  4841 | D:5      | Found a bloodstained altar of Trog.
  5031 | D:6      | Found a glowing golden altar of the Shining One.
  5038 | D:6      | Reached skill level 9 in Unarmed Combat
  5108 | D:6      | Found a white marble altar of Elyvilon.
  5185 | D:6      | Reached skill level 5 in Transmutations
  5738 | D:7      | Reached XP level 9. HP: 82/82 MP: 11/11
  5770 | D:7      | Noticed Pikel
  5781 | D:7      | Killed Pikel
  5781 | D:7      | Reached skill level 10 in Unarmed Combat
  5851 | D:7      | Found a staircase to the Ecumenical Temple.
  5872 | Temple   | Entered the Ecumenical Temple
  5991 | Temple   | Became a worshipper of Ru the Awakened
  6131 | D:7      | You fall into a shaft and drop 3 floors!
  6131 | D:10     | Entered Level 10 of the Dungeon
  6150 | D:10     | Noticed a komodo dragon
  6155 | D:10     | Killed a komodo dragon
  6182 | D:10     | Reached skill level 11 in Unarmed Combat
  6183 | D:10     | Noticed a troll
  6197 | D:10     | Killed a troll
  6238 | D:10     | Noticed an elephant
  6251 | D:10     | Killed an elephant
  6251 | D:10     | Reached XP level 10. HP: 67/91 MP: 12/12
  6286 | D:10     | Reached skill level 1 in Fighting
  6304 | D:10     | Found a staircase to the Lair.
  6342 | D:10     | Reached skill level 12 in Unarmed Combat
  7087 | D:9      | Found a shimmering altar of Xom.
  7109 | D:9      | Found a shimmering altar of Xom.
  7109 | D:9      | Found a shimmering altar of Xom.
  7109 | D:9      | Found a shimmering altar of Xom.
  7109 | D:9      | Found a shimmering altar of Xom.
  7702 | D:9      | Found an ornate altar of the Wu Jian Council.
  8248 | D:8      | Reached skill level 13 in Unarmed Combat
  8452 | D:8      | Reached XP level 11. HP: 106/106 MP: 13/13
  8874 | D:7      | Found Kakluryr's Elemental Accessories.
  9566 | D:11     | Noticed a white ugly thing
  9570 | D:11     | Killed a white ugly thing
  9632 | D:11     | HP: 4/110 [warg (8)]
  9829 | D:11     | Noticed a seven-headed hydra
  9869 | D:11     | Killed an unseen horror
 10063 | D:11     | Learned a level 5 spell: Blade Hands
 10301 | D:11     | Noticed a brown ugly thing
 10301 | D:11     | Noticed a two-headed ogre
 10307 | D:11     | Noticed a five-headed hydra
 10312 | D:11     | Killed a brown ugly thing
 10312 | D:11     | Reached skill level 14 in Unarmed Combat
 10314 | D:11     | Killed a two-headed ogre
 10314 | D:11     | Reached skill level 5 in Fighting
 10473 | Lair:1   | Entered Level 1 of the Lair of Beasts
 10576 | Lair:1   | Noticed Fannar
 10584 | Lair:1   | Killed Fannar
 11130 | Lair:1   | Noticed a fire dragon
 11152 | Lair:1   | Killed a fire dragon
 11152 | Lair:1   | Reached XP level 12. HP: 93/122 MP: 14/14
 11165 | Lair:1   | Gained mutation: You cannot be stealthy. [Ru sacrifice]
 11751 | Lair:2   | Reached skill level 15 in Unarmed Combat
 11882 | Lair:2   | Noticed a death yak
 11886 | Lair:2   | Noticed a death yak
 12319 | Lair:2   | Killed a death yak
 12325 | Lair:2   | Killed a death yak
 13230 | Lair:3   | Found a staircase to the Swamp.
 14072 | Lair:4   | Noticed an eight-headed hydra
 14079 | Lair:4   | Killed an 11-headed hydra
 14483 | Lair:4   | Learned a level 4 spell: Ice Form
 14698 | Lair:4   | Reached skill level 16 in Unarmed Combat
 14698 | Lair:4   | Reached XP level 13. HP: 75/136 MP: 15/15
 14854 | Lair:4   | Found a hole to the Spider Nest.
 15768 | Lair:5   | Reached skill level 10 in Transmutations
 16285 | Lair:6   | Entered Level 6 of the Lair of Beasts
 16340 | Lair:6   | Gained mutation: You cannot study or cast Ice magic. [Ru
                  | sacrifice]
 16340 | Lair:6   | Gained mutation: You cannot study or cast Hexes magic. [Ru
                  | sacrifice]
 16340 | Lair:6   | Gained mutation: You cannot study or cast Conjurations
                  | magic. [Ru sacrifice]
 16340 | Lair:6   | Reached * piety under Ru
 16340 | Lair:6   | Reached ** piety under Ru
 16667 | Lair:6   | Reached skill level 5 in Dodging
 17088 | Lair:6   | Found a burning altar of Makhleb.
 17117 | Lair:6   | Reached XP level 14. HP: 63/154 MP: 16/16
 18094 | Lair:6   | Found a gateway to Hell.
 18674 | D:11     | Found a staircase to the Orcish Mines.
 18964 | D:12     | Gained mutation: You are dopey. (Int -2) [Ru sacrifice]
 19663 | D:13     | Identified 3 scrolls of acquirement
 19663 | D:13     | Acquired 834 gold pieces
 19665 | D:13     | Acquired the amulet of the Dropbear {Spirit Str+3}
 19667 | D:13     | Acquired 1107 gold pieces
 19722 | D:13     | Found a gate leading to a gauntlet.
 19745 | Gauntlet | Entered a Gauntlet
 19745 | Gauntlet | Found a transporter.
 19790 | Gauntlet | Found a transporter.
 19801 | Gauntlet | Found a transporter.
 19806 | Gauntlet | Found a transporter.
 19823 | Gauntlet | Found a transporter.
 19841 | Gauntlet | Found a transporter.
 19853 | Gauntlet | Found a transporter.
 19865 | Gauntlet | Found a transporter.
 19871 | Gauntlet | Found a transporter.
 19886 | Gauntlet | Found a transporter.
 19892 | Gauntlet | Found a transporter.
 19907 | Gauntlet | Found a transporter.
 19913 | Gauntlet | Found a transporter.
 19952 | Gauntlet | Found a transporter.
 19977 | Gauntlet | Found a transporter.
 19979 | Gauntlet | Found a transporter.
 19999 | Gauntlet | Found a transporter.
 20079 | Gauntlet | Found a transporter.
 20529 | Gauntlet | Identified the +1 plate armour of Leaves {rC+ Int+3}
 20529 | Gauntlet | Identified the ring "Vaewasm" {rElec rF++ MR- Str+3 SInv}
 21901 | D:14     | Found a gate to the Vaults.
 21933 | D:14     | Found a flagged portal.
 21992 | D:14     | Reached XP level 15. HP: 91/160 MP: 14/20
 22007 | Bailey   | Entered a bailey
 22224 | Bailey   | Found an iron altar of Okawaru.
 23220 | D:14     | Identified the +0 pair of boots of Narcissism {Harm Stlth+}
                  | (You found it on level 5 of the Dungeon)
 23339 | Orc:1    | Entered Level 1 of the Orcish Mines
 23348 | Orc:1    | Noticed Erolcha
 23361 | Orc:1    | Killed Erolcha
 23582 | Orc:2    | Entered Level 2 of the Orcish Mines
 23582 | Orc:2    | Found a staircase to the Elven Halls.
 23582 | Orc:2    | Noticed an orc warlord
 24634 | Orc:2    | Killed an orc warlord
 24761 | Orc:2    | Found Vojutav's General Store.
 24790 | Orc:2    | Reached skill level 10 in Fighting
 24844 | Orc:2    | Reached skill level 17 in Unarmed Combat
 25059 | Orc:2    | Found Nahoa's Gadget Shop.
 25059 | Orc:2    | Found Laivy's Weapon Emporium.
 25059 | Orc:2    | Found Koec's Armour Shop.
 25306 | Orc:1    | Noticed Urug
 25318 | Orc:1    | Killed Urug
 25545 | Orc:1    | Noticed Harold
 25555 | Orc:1    | Killed Harold
 25574 | Orc:1    | Found a transporter.
 25657 | Orc:1    | Identified the +6 battleaxe of Iplus {distort, Int+3}
 25657 | Orc:1    | Noticed an orc warlord
 25820 | Orc:1    | Found a one-way gate to the infinite horrors of the Abyss.
 25821 | Orc:1    | Found a transporter.
 25847 | Orc:1    | Noticed Liemp's ghost (journeyman MiFi)
 26100 | D:15     | Entered Level 15 of the Dungeon
 26188 | D:15     | HP: 6/167 [centaur warrior/arrow (22)]
 26190 | D:15     | Killed from afar by a meliai

Illustrated notes

Levels and vault maps discovered:
D:1:      scummos_arrival_star, layout_loops_corners
D:2:      layout_loops_corners, grunt_qazlal_sundering, minmay_cut_off
D:3:      minmay_angry_zag, layout_basic, ebering_ghost_disaster_area,
          uniq_robin, uniq_grinder
D:4:      layout_cave_pods, grunt_temple_overflow_open
D:5:      layout_basic, lightli_temple_of_fire, overflow_temple_1_default,
          lemuel_round_altar, gammafunk_temple_overflow_wave,
          skrybe_limestone_x, minmay_misc_feat_five
D:6:      layout_loops_corners, nicolae_overflow_crystal_walls, elyvilon_altar_4
D:7:      layout_basic, minmay_temple_entry_large_hall, nicolae_elemental_shop,
          kennysheep_crisscross, uniq_pikel
D:8:      layout_gridville, hangedman_abyss_or_decor_stagger
D:9:      minmay_spotlight, layout_long_grid, kennysheep_mini, xom_redecorated
D:10:     layout_rooms, david_lair_generic, serial_curves, eino_curves_04,
          eino_curves_03
D:11:     layout_roguey, minmay_orc_entry_guard_dogs, minmay_pinched_square
D:12:     layout_irregular_city
D:13:     layout_long_grid, special_room [special_room_bee],
          gauntlet_entry_generic, chequers_decorated_corner
D:14:     layout_basic, david_vaults_2, infiniplex_staircase_zigzag_4,
          enter_bailey_6
D:15:     grunt_enter_depths_snipers, layout_loops_ring, nicolae_two_hexagons,
          serial_shops, shop, gammafunk_ghost_hydra_chop, minivault_28
Temple:   nicolae_temple_figure_zero
Lair:1:   dragon1_lemuel, layout_regular_city, grunt_megastairs_5,
          infiniplex_staircase_pool_2, uniq_fannar
Lair:2:   layout_long_grid, chequers_serial_rivers_micro_a
Lair:3:   layout_regular_city, minmay_swamp_entry_worms, serial_forest,
          infiniplex_forest_zigzag_1, infiniplex_forest_3_way,
          infiniplex_forest_pool, infiniplex_forest_end_1,
          infiniplex_forest_zigzag_1, infiniplex_forest_clump_medium
Lair:4:   layout_regular_city, spider_nest_entry_rubble, beast_lair_carwin_7,
          minmay_lair_oklob_chamber, serial_bayou_shore_a, lemuel_fruit_tree
Lair:5:   layout_regular_city, serial_bayou_pond_a, beast_lair_carwin_8
Lair:6:   evil_forest, layout_regular_city, minmay_slime_entry_oklob_enclosed
Orc:1:    layout_caves, gammafunk_ghost_abyssal_escape, uniq_urug, uniq_erolcha,
          uniq_harold
Orc:2:    st_orc_ogre_mass, layout_caves

Skill      XL: |  1  2  3  4  5  6  7  8  9 10 11 12 13 14 15 |
---------------+----------------------------------------------+-----
Spellcasting   | 2 4 |  4.0
Unarmed Combat | 4 5 6 7 9 11 13 14 16 17 | 17.0
Transmutations | 2 3 4 5 6 7 8 9 10 11 12 | 12.0
Fighting       | 3 5 7 9 10 | 10.5
Dodging        | 6 8 9 |  9.0

Action                   |  1- 3 |  4- 6 |  7- 9 | 10-12 | 13-15 || total
-------------------------+-------+-------+-------+-------+-------++-------
Melee: Unarmed           |    95 |    97 |   259 |   616 |  1104 ||  2171
       Kick              |     4 |    14 |    53 |   195 |   412 ||   678
       Headbutt          |     3 |     2 |     7 |       |       ||    12
       Punch             |       |       |     9 |    39 |    98 ||   146
 Cast: Beastly Appendage |     7 |    13 |    18 |       |       ||    38
       Blade Hands       |       |       |       |     2 |    16 ||    18
Invok: Sacrifice Stealth |       |       |       |     1 |       ||     1
       Sacrifice Arcana  |       |       |       |       |     1 ||     1
       Sacrifice Purity  |       |       |       |       |     1 ||     1
Evoke: Wand              |       |       |       |     2 |     5 ||     7
  Use: Potion            |       |     4 |     2 |       |     8 ||    14
       Scroll            |       |     3 |     9 |    11 |    16 ||    39
 Stab: Sleeping          |     1 |       |       |       |       ||     1
       Distracted        |       |       |       |       |     1 ||     1
Armor: Robe              |    51 |    17 |    66 |   118 |   231 ||   483
Dodge: Dodged            |    62 |    33 |   130 |   283 |   708 ||  1216
Block: Other             |       |       |    15 |    94 |   157 ||   266

Table legend: (Time is in decaauts)
 A = Elapsed time spent in this place.
 B = Non-inter-level travel time spent in this place.
 C = Inter-level travel time spent in this place.
 D = Time resting spent in this place.
 E = Time spent auto-exploring this place.
 F = Levels seen in this place.
 G = Mean time per level.
                   A        B        C        D        E       F      G
               +--------+--------+--------+--------+--------+-----+--------+
         Total |  25686 |  24445 |   1241 |   2586 |  17537 |  26 |  987.9 |
       Dungeon |  14215 |  13404 |    811 |    875 |   9998 |  15 |  947.7 |
        Temple |    132 |    108 |     24 |      0 |    107 |   1 |  132.0 |
          Lair |   7686 |   7433 |    253 |    534 |   5932 |   6 | 1281.0 |
  Orcish Mines |   2610 |   2459 |    151 |    946 |   1054 |   2 | 1305.0 |
        Bailey |    237 |    237 |      0 |     99 |     21 |   1 |  237.0 |
      Gauntlet |    803 |    803 |      0 |    132 |    425 |   1 |  803.0 |
               +--------+--------+--------+--------+--------+-----+--------+

Top non-repeatable levels by time:
   Orc:1: 1858 daAuts
  Lair:6: 1858 daAuts
     D:3: 1593 daAuts
    D:11: 1503 daAuts
    D:13: 1409 daAuts
  Lair:4: 1374 daAuts
  Lair:2: 1296 daAuts
  Lair:3: 1170 daAuts
    D:14: 1060 daAuts
     D:2: 1026 daAuts
     D:9: 1015 daAuts
  Lair:5: 994 daAuts
  Lair:1: 991 daAuts
    D:12: 911 daAuts
    D:10: 911 daAuts
